NYP
ROME BRAVES @ BATAVIA MUCKDOGS
07/13/2047
 
TOP OF THE 1ST
Rome Braves batting - Pitching for Batavia Muckdogs : RHP Jesus Gomez
Pitching: RHP Jesus Gomez
Batting: RHB Rafael Reyes 0-0: Called Strike
0-1: Called Strike
0-2: Ball
1-2: Ball
2-2: Ground out 6-3 (Groundball, 6M, EV 85.0 MPH)
Batting: RHB Zheng-ze King 0-0: Ball
1-0: SINGLE (Flyball, 4D, EV 81.9 MPH)
Batting: RHB Josh McCormick 0-0: Ball
Zheng-ze King steals 2nd base
1-0: Ball
2-0: Called Strike
2-1: SINGLE (Line Drive, 7S, EV 101.2 MPH)
Zheng-ze King to third
Runner from 3rd tries for Home, SAFE, throw by LF to home
Batting: LHB Tamaichi Sasada 0-0: Ball
1-0: Ball
Passed Ball!
Josh McCormick to second
2-0: Ball
3-0: Called Strike
3-1: Called Strike
3-2: Foul Ball, location: 2F
3-2: SINGLE (Line Drive, 8RS, EV 108.8 MPH)
Josh McCormick to third
Runner from 3rd tries for Home, SAFE, throw by CF to home
Batting: RHB Adonis Jenifer 0-0: Ball
1-0: Called Strike
1-1: Called Strike
1-2: Ball
2-2: Strikes out swinging
Batting: RHB Gebre-Giorgios Wangondu 0-0: DOUBLE (Line Drive, 9LS, EV 101.9 MPH)
Tamaichi Sasada to third
Batting: RHB Armando Moz 0-0: Ball
1-0: Ground out 5-3 (Groundball, 56, EV 85.6 MPH)
Top of the 1st over - 2 runs, 4 hits, 0 errors, 2 left on base; Rome 2 - Batavia 0
BOTTOM OF THE 1ST
Batavia Muckdogs batting - Pitching for Rome Braves : RHP Nikita Eliseenko
Pitching: RHP Nikita Eliseenko
Batting: RHB Harrie de Kam 0-0: Called Strike
0-1: Ball
1-1: Ball
2-1: Foul Ball, location: 2F
2-2: Foul Ball, location: 2F
2-2: Ball
3-2: Ground out 5-3 (Groundball, 5, EV 77.5 MPH)
Batting: LHB Matt McKeon 0-0: Called Strike
0-1: Called Strike
0-2: Strikes out swinging
Batting: RHB Miguel Velasco 0-0: Ball
1-0: Ground out 6-3 (Groundball, 6, EV 85.6 MPH)
Bottom of the 1st over - 0 runs, 0 hits, 0 errors, 0 left on base; Rome 2 - Batavia 0
TOP OF THE 2ND
Rome Braves batting - Pitching for Batavia Muckdogs : RHP Jesus Gomez
Batting: RHB Tetsuro Sato 0-0: Called Strike
0-1: Ball
1-1: Swinging Strike
1-2: Strikes out swinging
Batting: RHB Vicente Guillen 0-0: Fly out, F9 (Flyball, 9, EV 73.8 MPH)
Batting: RHB Rafael Reyes 0-0: SINGLE (Groundball, 56D, EV 105.6 MPH)
Batting: RHB Zheng-ze King 0-0: Ball
Rafael Reyes steals 2nd base
1-0: Ball
2-0: DOUBLE (Flyball, 8RXD, EV 101.2 MPH)
Rafael Reyes scores
Batting: RHB Josh McCormick 0-0: Called Strike
0-1: Ball
1-1: Foul Ball, location: 2F
1-2: Ball
2-2: Foul Ball, location: 2F
2-2: Foul Ball, location: 2F
2-2: Strikes out swinging
Top of the 2nd over - 1 run, 2 hits, 0 errors, 1 left on base; Rome 3 - Batavia 0
BOTTOM OF THE 2ND
Batavia Muckdogs batting - Pitching for Rome Braves : RHP Nikita Eliseenko
Batting: LHB Angelo Estrella 0-0: Ball
1-0: Swinging Strike
1-1: Foul Ball, location: 2F
1-2: Strikes out swinging
Batting: RHB Justin Dunham 0-0: Ball
1-0: Called Strike
1-1: Swinging Strike
1-2: Strikes out swinging
Batting: RHB Reomel Somera 0-0: Called Strike
0-1: Called Strike
0-2: Ball
1-2: Ball
2-2: Foul Ball, location: 2F
2-2: Ball
3-2: Base on Balls
Batting: RHB Andy Kelly 0-0: Ball
1-0: Called Strike
Reomel Somera steals 2nd, throwing error, E2
Reomel Somera to third
1-1: Called Strike
1-2: Ball
2-2: SINGLE (Line Drive, 9S, EV 88.8 MPH)
Reomel Somera scores
Batting: RHB Eric Jordan 0-0: Called Strike
0-1: Ground out 5-3 (Groundball, 5S, EV 84.4 MPH)
Bottom of the 2nd over - 1 run, 1 hit, 1 error, 1 left on base; Rome 3 - Batavia 1
TOP OF THE 3RD
Rome Braves batting - Pitching for Batavia Muckdogs : RHP Jesus Gomez
Batting: LHB Tamaichi Sasada 0-0: Called Strike
0-1: Foul Ball, location: 2F
0-2: Ball
1-2: Strikes out looking
Batting: RHB Adonis Jenifer 0-0: Called Strike
0-1: Ball
1-1: Ball
2-1: Swinging Strike
2-2: Foul Ball, location: 2F
2-2: Strikes out swinging
Batting: RHB Gebre-Giorgios Wangondu 0-0: Foul Ball, location: 2F
0-1: Foul Ball, location: 2F
0-2: Ball
1-2: Ball
2-2: Strikes out swinging passed ball, reaches first!
Batting: RHB Armando Moz 0-0: Called Strike
Gebre-Giorgios Wangondu is caught stealing 2nd base 2-4
Top of the 3rd over - 0 runs, 0 hits, 0 errors, 0 left on base; Rome 3 - Batavia 1
BOTTOM OF THE 3RD
Batavia Muckdogs batting - Pitching for Rome Braves : RHP Nikita Eliseenko
Batting: RHB Jeremy Dennis 0-0: Called Strike
0-1: Foul Ball, location: 2F
0-2: Strikes out swinging
Batting: RHB Harrie de Kam 0-0: Ball
1-0: Foul Ball, location: 2F
1-1: Hit by Pitch
Batting: LHB Matt McKeon 0-0: Called Strike
Harrie de Kam steals 2nd base
0-1: Ball
1-1: Ball
2-1: Ball
Wild Pitch!
Harrie de Kam to third
3-1: Ground out U3 (Groundball, 3, EV 98.8 MPH)
Batting: RHB Miguel Velasco 0-0: Ball
1-0: Foul Ball, location: 2F
1-1: Foul Ball, location: 2F
1-2: Ball
2-2: Ball
3-2: Foul Ball, location: 2F
3-2: Base on Balls
Batting: LHB Angelo Estrella 0-0: Ball
1-0: Ball
2-0: Foul Ball, location: 2F
2-1: Foul Ball, location: 2F
2-2: Ball
3-2: Foul Ball, location: 2F
3-2: Base on Balls
Miguel Velasco to second
Batting: RHB Justin Dunham 0-0: Ball
1-0: Ball
2-0: Ground out 4-3 (Groundball, 4, EV 94.4 MPH)
Bottom of the 3rd over - 0 runs, 0 hits, 0 errors, 3 left on base; Rome 3 - Batavia 1
TOP OF THE 4TH
Rome Braves batting - Pitching for Batavia Muckdogs : RHP Jesus Gomez
Batting: RHB Armando Moz 0-0: Called Strike
0-1: Fly out, F2 (Popup, 2LF, EV 90.6 MPH)
Batting: RHB Tetsuro Sato 0-0: Foul Ball, location: 2F
0-1: Called Strike
0-2: Ball
1-2: Foul Ball, location: 2F
1-2: Strikes out swinging
Batting: RHB Vicente Guillen 0-0: Ball
1-0: Called Strike
1-1: Ball
2-1: Ball
3-1: Base on Balls
Batting: RHB Rafael Reyes 0-0: Called Strike
0-1: Fly out, F4 (Popup, 13, EV 83.1 MPH)
Top of the 4th over - 0 runs, 0 hits, 0 errors, 1 left on base; Rome 3 - Batavia 1
BOTTOM OF THE 4TH
Batavia Muckdogs batting - Pitching for Rome Braves : RHP Nikita Eliseenko
Batting: RHB Reomel Somera 0-0: Swinging Strike
0-1: Ball
1-1: Called Strike
1-2: Foul Ball, location: 2F
1-2: Ground out 1-3 (Groundball, 15S, EV 63.8 MPH)
Batting: RHB Andy Kelly 0-0: Ball
1-0: Fly out, F7 (Flyball, 78M, EV 82.5 MPH)
Batting: RHB Eric Jordan 0-0: Called Strike
0-1: Ground out 6-3 (Groundball, 6, EV 86.9 MPH)
Bottom of the 4th over - 0 runs, 0 hits, 0 errors, 0 left on base; Rome 3 - Batavia 1
TOP OF THE 5TH
Rome Braves batting - Pitching for Batavia Muckdogs : RHP Jesus Gomez
Batting: RHB Zheng-ze King 0-0: Ball
1-0: Ball
2-0: SINGLE (Groundball, 56, EV 98.8 MPH)
Batting: RHB Josh McCormick 0-0: Called Strike
Zheng-ze King steals 2nd base
0-1: Ball
1-1: Called Strike
1-2: Ball
2-2: Strikes out swinging
Batting: LHB Tamaichi Sasada 0-0: Ball
1-0: Called Strike
Zheng-ze King steals 3rd base (no throw)
1-1: 2-RUN HOME RUN (Line Drive, 8LXD, EV 116.2 MPH), Distance : 439 ft
Pitching: RHP Alfonso Mier
Batting: RHB Adonis Jenifer 0-0: Foul Ball, location: 2F
0-1: Reached on error, E3 (Groundball, 23, EV 88.8 MPH)
Batting: RHB Gebre-Giorgios Wangondu 0-0: Foul Ball, location: 2F
0-1: Ball
Adonis Jenifer steals 2nd base
1-1: Ball
2-1: Ball
3-1: Called Strike
3-2: TRIPLE (Flyball, 8RXD, EV 101.9 MPH)
Adonis Jenifer scores
Batting: RHB Armando Moz 0-0: Ball
1-0: Called Strike
1-1: Ground out 1-3 (Groundball, 13S, EV 70.0 MPH)
Batting: RHB Tetsuro Sato 0-0: Ball
1-0: Called Strike
1-1: Swinging Strike
1-2: Strikes out looking
Top of the 5th over - 3 runs, 3 hits, 1 error, 1 left on base; Rome 6 - Batavia 1
BOTTOM OF THE 5TH
Batavia Muckdogs batting - Pitching for Rome Braves : RHP Nikita Eliseenko
Batting: RHB Jeremy Dennis 0-0: Ground out 3-1 (Groundball, 34S, EV 89.4 MPH)
Batting: RHB Harrie de Kam 0-0: Called Strike
0-1: Ball
1-1: Swinging Strike
1-2: SINGLE (Line Drive, 9S, EV 101.2 MPH)
Batting: LHB Matt McKeon 0-0: Called Strike
Harrie de Kam is caught stealing 2nd base 2-6
0-1: Ball
1-1: Reached on error, E7 (Flyball, 7, EV 86.2 MPH)
Pitching: RHP Marvin Rosas
Batting: RHB Miguel Velasco 0-0: Foul Ball, location: 2F
0-1: Foul Ball, location: 2F
0-2: Ball
1-2: Strikes out swinging
Bottom of the 5th over - 0 runs, 1 hit, 1 error, 1 left on base; Rome 6 - Batavia 1
TOP OF THE 6TH
Rome Braves batting - Pitching for Batavia Muckdogs : RHP Alfonso Mier
Batting: RHB Vicente Guillen 0-0: Ball
1-0: Ball
2-0: Ball
3-0: Called Strike
3-1: Ground out 5-3 (Groundball, 56, EV 101.2 MPH)
Batting: RHB Rafael Reyes 0-0: Ball
1-0: Ball
2-0: Ground out 5-3 (Groundball, 56S, EV 83.8 MPH)
Batting: RHB Zheng-ze King 0-0: Called Strike
0-1: Ball
1-1: Foul Ball, location: 2F
1-2: Ball
2-2: Reached on error, E4 (Groundball, 4, EV 103.8 MPH)
Batting: RHB Josh McCormick 0-0: Called Strike
Zheng-ze King steals 2nd base
0-1: Ball
1-1: Ball
2-1: Ball
Wild Pitch!
Zheng-ze King to third
3-1: Base on Balls
Batting: LHB Tamaichi Sasada 0-0: Foul Ball, location: 2F
0-1: Called Strike
0-2: Foul Ball, location: 2F
0-2: Strikes out swinging
Top of the 6th over - 0 runs, 0 hits, 1 error, 2 left on base; Rome 6 - Batavia 1
BOTTOM OF THE 6TH
Batavia Muckdogs batting - Pitching for Rome Braves : RHP Marvin Rosas
Batting: LHB Angelo Estrella 0-0: Ball
1-0: Ball
2-0: Ball
3-0: Called Strike
3-1: TRIPLE (Flyball, 8LXD, EV 107.5 MPH)
Batting: RHB Justin Dunham 0-0: Foul Ball, location: 2F
0-1: Foul Ball, location: 2F
0-2: Foul Ball, location: 2F
0-2: Ball
1-2: Ball
2-2: Foul Ball, location: 2F
2-2: Strikes out swinging
Batting: RHB Reomel Somera 0-0: Called Strike
0-1: Called Strike
0-2: Ball
1-2: Ball
2-2: Ground out 5-3 (Groundball, 5, EV 86.2 MPH)
Batting: RHB Andy Kelly 0-0: Ball
1-0: Foul Ball, location: 2F
1-1: Ball
2-1: Called Strike
2-2: Strikes out looking
Bottom of the 6th over - 0 runs, 1 hit, 0 errors, 1 left on base; Rome 6 - Batavia 1
TOP OF THE 7TH
Rome Braves batting - Pitching for Batavia Muckdogs : RHP Alfonso Mier
Batting: RHB Adonis Jenifer 0-0: Ball
1-0: Ball
2-0: SINGLE (Groundball, 6MD, EV 101.2 MPH)
Pitching: RHP Matt Alexander
Batting: RHB Gebre-Giorgios Wangondu 0-0: Ball
Adonis Jenifer is caught stealing 2nd base 2-4
1-0: Ball
2-0: Called Strike
2-1: SINGLE (Groundball, 34D, EV 101.9 MPH)
Batting: RHB Armando Moz 0-0: Ball
Gebre-Giorgios Wangondu steals 2nd base (no throw)
1-0: Foul Ball, location: 2F
1-1: Called Strike
1-2: Ball
Passed Ball!
Gebre-Giorgios Wangondu to third
2-2: Ball
3-2: Foul Ball, location: 2F
3-2: 2-RUN HOME RUN (Flyball, 7LD, EV 91.2 MPH), Distance : 350 ft
Batting: RHB Tetsuro Sato 0-0: Fly out, F7 (Line Drive, 78M, EV 106.2 MPH)
Batting: RHB Vicente Guillen 0-0: Ball
1-0: Called Strike
1-1: Ball
2-1: Swinging Strike
2-2: Strikes out swinging
Top of the 7th over - 2 runs, 3 hits, 0 errors, 0 left on base; Rome 8 - Batavia 1
BOTTOM OF THE 7TH
Batavia Muckdogs batting - Pitching for Rome Braves : RHP Marvin Rosas
Batting: RHB Eric Jordan 0-0: Foul Ball, location: 2F
0-1: Called Strike
0-2: Foul Ball, location: 2F
0-2: Strikes out swinging
Batting: RHB Jeremy Dennis 0-0: Called Strike
0-1: Ground out 1-3 (Groundball, 13S, EV 66.2 MPH)
Pinch Hitting: RHB Hiromitsu Yamada 0-0: Ball
1-0: Called Strike
1-1: Swinging Strike
1-2: Ground out 4-3 (Groundball, 4, EV 91.9 MPH)
Bottom of the 7th over - 0 runs, 0 hits, 0 errors, 0 left on base; Rome 8 - Batavia 1
TOP OF THE 8TH
Rome Braves batting - Pitching for Batavia Muckdogs : RHP Matt Alexander
Now in CF: Hiromitsu Yamada
Pinch Hitting: RHB Dave Pizarro 0-0: Swinging Strike
0-1: Foul Ball, location: 2F
0-2: Strikes out swinging
Batting: RHB Zheng-ze King 0-0: Ball
1-0: Ball
2-0: Foul Ball, location: 2F
2-1: Ball
3-1: Base on Balls
Batting: RHB Josh McCormick 0-0: Called Strike
Zheng-ze King steals 2nd base (no throw)
0-1: Foul Ball, location: 2F
0-2: Strikes out looking
Pinch Hitting: RHB Terry Hughes 0-0: Called Strike
0-1: Ball
1-1: Called Strike
1-2: Foul Ball, location: 2F
1-2: Foul Ball, location: 2F
1-2: Ball
2-2: 2-RUN HOME RUN (Line Drive, 7D, EV 98.8 MPH), Distance : 374 ft
Batting: RHB Adonis Jenifer 0-0: Called Strike
0-1: Swinging Strike
0-2: Ball
1-2: Fly out, F9 (Flyball, 9, EV 72.5 MPH)
Top of the 8th over - 2 runs, 1 hit, 0 errors, 0 left on base; Rome 10 - Batavia 1
BOTTOM OF THE 8TH
Batavia Muckdogs batting - Pitching for Rome Braves : RHP Marvin Rosas
Now at 1B: Terry Hughes
Now at 2B: Dave Pizarro
Batting: LHB Matt McKeon 0-0: Called Strike
0-1: Foul Ball, location: 2F
0-2: Ball
1-2: Ball
2-2: Reached on error, E4 (Groundball, 34D, EV 83.8 MPH)
Pitching: LHP Justin Hawk
Batting: RHB Miguel Velasco 0-0: Ball
1-0: Foul Ball, location: 2F
1-1: Called Strike
1-2: Ball
2-2: Ball
3-2: Strikes out swinging
Batting: LHB Angelo Estrella 0-0: Foul Ball, location: 2F
0-1: Ball
1-1: Foul Ball, location: 2F
1-2: Foul Ball, location: 2F
1-2: Foul Ball, location: 2F
1-2: Ball
2-2: Foul Ball, location: 2F
2-2: Ball
3-2: Base on Balls
Matt McKeon to second
Batting: RHB Justin Dunham Balk!
Matt McKeon to third
Angelo Estrella to second
0-0: Swinging Strike
0-1: Foul Ball, location: 2F
0-2: Foul Ball, location: 2F
0-2: Strikes out looking
Batting: RHB Reomel Somera 0-0: Called Strike
0-1: Called Strike
0-2: Ground out 4-3 (Groundball, 4, EV 83.8 MPH)
Bottom of the 8th over - 0 runs, 0 hits, 1 error, 2 left on base; Rome 10 - Batavia 1
TOP OF THE 9TH
Rome Braves batting - Pitching for Batavia Muckdogs : RHP Matt Alexander
Pitching: RHP Chris Forster
Batting: RHB Gebre-Giorgios Wangondu 0-0: Called Strike
0-1: Ball
1-1: SINGLE (Flyball, 34D, EV 88.1 MPH)
Batting: RHB Armando Moz 0-0: Called Strike
0-1: Ball
1-1: Reached on error, E5 (Groundball, 56S, EV 90.6 MPH)
Gebre-Giorgios Wangondu to second
Batting: RHB Tetsuro Sato 0-0: Ball
1-0: Called Strike
1-1: Ball
2-1: Swinging Strike
2-2: Ball
3-2: Strikes out looking
Batting: RHB Vicente Guillen 0-0: Called Strike
0-1: Ball
1-1: Ball
2-1: Called Strike
2-2: Strikes out swinging
Batting: RHB Dave Pizarro 0-0: Ball
1-0: TRIPLE (Flyball, 8LXD, EV 91.2 MPH)
Gebre-Giorgios Wangondu scores
Armando Moz scores
Batting: RHB Zheng-ze King 0-0: Ball
1-0: Foul Ball, location: 2F
1-1: Ball
2-1: Swinging Strike
2-2: Ball
3-2: Strikes out swinging
Top of the 9th over - 2 runs, 2 hits, 1 error, 1 left on base; Rome 12 - Batavia 1
BOTTOM OF THE 9TH
Batavia Muckdogs batting - Pitching for Rome Braves : LHP Justin Hawk
Batting: RHB Andy Kelly 0-0: Called Strike
0-1: Foul Ball, location: 2F
0-2: Foul Ball, location: 2F
0-2: Ball
1-2: Ball
2-2: Ball
3-2: Strikes out looking
Batting: RHB Eric Jordan 0-0: Ball
1-0: Called Strike
1-1: Swinging Strike
1-2: Ball
2-2: Strikes out swinging
Batting: RHB Jeremy Dennis 0-0: Foul Ball, location: 2F
0-1: Ball
1-1: Swinging Strike
1-2: Strikes out looking
Bottom of the 9th over - 0 runs, 0 hits, 0 errors, 0 left on base; Rome 12 - Batavia 1
Thursday, December 15th , 2022 - OOTP Baseball 23.9 Build 102